 Dungeon Crawl Stone Soup version 0.28-a0-1074-g3cb2360906 (webtiles) character file.

Game seed: 17602907620225322952

1523 Froggeryz the Basher (level 8, -2/69 HPs)
             Began as a Gargoyle Cinder Acolyte on Dec 9, 2021.
             Was a High Priest of Ignis.
             Slain by Duvessa (5 damage)
             ... on level 5 of the Dungeon.
             The game lasted 00:09:42 (7404 turns).

Froggeryz the Basher (Gargoyle Cinder Acolyte)      Turns: 7404, Time: 00:09:43

Health: -2/69      AC: 24    Str: 25    XL:     8   Next: 84%
Magic:  9/9        EV:  2    Int: 16    God:    Ignis [*****.]
Gold:   206        SH:  0    Dex:  5    Spells: 9/9 levels left

rFire   + . .      SeeInvis .   a - +0 mace (flame)
rCold   . . .      Faith    .   (no shield)
rNeg    + . .      Spirit   .   (armour currently unavailable)
rPois   ∞          Reflect  .   (helmet currently unavailable)
rElec   .          Harm     .   (cloak currently unavailable)
rCorr   .          Rampage  .   (gloves currently unavailable)
Will    +....      NoTele   +   (boots currently unavailable)
Stlth   +.........              (no amulet)
HPRegen 0.21/turn               e - ring of willpower
MPRegen 0.11/turn               u - +6 ring of strength

@: tree-form
A: stationary, stasis, torment immunity, boosted hp, sickness immunity, AC +5,
negative energy resistance 1, (electricity resistance), torment resistance 1,
petrification resistance
a: Renounce Religion, Fiery Armour, Foxfire Swarm, Rising Flame


You were on level 5 of the Dungeon.
You worshipped Ignis.
Ignis was extremely pleased with you.
You were a tree.
You visited 1 branch of the dungeon, and saw 5 of its levels.

You collected 265 gold pieces.
You spent 59 gold pieces at shops.

Inventory:

Hand Weapons
 a - a +0 mace of flaming (weapon)
Missiles
 k - 11 poisoned darts (quivered)
 m - 2 boomerangs
Armour
 c - a +0 pair of gloves (melded)
 p - a +0 ring mail (melded)
 r - a +0 cloak (melded)
Jewellery
 e - a ring of willpower (left branch)
 h - a ring of protection from fire
 u - a +6 ring of strength (right branch)
Wands
 q - a wand of polymorph (6)
Scrolls
 g - a scroll of summoning
 i - a scroll of silence
 l - a scroll of teleportation
Potions
 o - a potion of attraction {unknown}


   Skills:
 - Level 3.2 Fighting
 * Level 9.3 Maces & Flails
 + Level 4.1 Throwing
 - Level 4.0 Armour
 - Level 1.0 Spellcasting
 - Level 3.0 Fire Magic


You had 9 spell levels left.
You didn't know any spells.
Your spell library contained the following spells:

 Spells                   Type           Power      Damage    Failure   Level
 Scorch                   Fire           20%        2d6       10%         2
 Freeze                   Ice            0%         1d3       22%         1
 Passwall                 Tmut/Erth      0%         N/A       34%         2
 Ignite Poison            Fire/Tmut/Pois 4%         N/A       41%         3
 Frozen Ramparts          Ice            0%         1d2       56%         3
 Mephitic Cloud           Conj/Pois/Air  0%         N/A       56%         3
 Swiftness                Air            0%         N/A       56%         3
 Hailstorm                Conj/Ice       0%         3d3       92%         4
 Freezing Cloud           Conj/Ice/Air   0%         6-21      99%         5


Dungeon Overview and Level Annotations

Branches:
Dungeon (5/15)
 Temple: D:4-7

Altars:
Ashenzari
Makhleb
Zin

Shops:
D:1 *   D:2 (:=![   D:4 !

Annotations:
D:5 Duvessa


Innate Abilities, Weirdness & Mutations

You are a tree.
Your roots penetrate the ground, keeping you stationary.
You cannot be teleported.
You are immune to unholy pain and torment.
Your maximum health is greatly increased.
Your equipment is partially melded.
You are immune to sickness and miasma.
((Your stone body is resilient. (AC +5)))
You are immune to poison.
You resist negative energy. (rN+)
((You are resistant to electric shocks. (rElec)))
You are resistant to unholy torment.
You are immune to petrification.


Message History

Duvessa misses you.
You sock Duvessa! You burn Duvessa.
Duvessa is heavily wounded.
Duvessa completely misses you.
You feel better. Duvessa hits you but does no damage.
The white imp gestures at you. The puff of frost hits you!
* * * LOW HITPOINT WARNING * * *
Duvessa barely misses you.
You feel better. The white imp gestures at you. The puff of frost hits you.
* * * LOW HITPOINT WARNING * * *
Duvessa hits you with a +0 short sword!
* * * LOW HITPOINT WARNING * * *
It was a potion of cancellation.
You feel magically purged. Duvessa hits you but does no damage.
The white imp gestures at you.
The puff of frost hits you but does no damage.
Duvessa hits you with a +0 short sword.
* * * LOW HITPOINT WARNING * * *
As you read the scroll labelled POIGIS LAGGA, it crumbles to dust.
You speak a Word of immense power!
The white imp convulses!
You kill the white imp!
It was a scroll of holy word.
Duvessa hits you but does no damage.
As you read the scroll labelled JUIMEA NISTUF, it crumbles to dust.
It is a scroll of enchant weapon.
Your -1 mace of flaming glows red for a moment.
Duvessa misses you. Duvessa completely misses you.
As you read the scroll labelled KOMUORABEASY, it crumbles to dust.
You feel a surge of unholy energy.
Duvessa convulses!
The dart slug convulses!
It was a scroll of torment.
Duvessa barely misses you. The dart slug closely misses you.
Okay, then.
It was a potion of lignification.
You turn into a tree.
Your +0 cloak melds into your body.
Your +0 pair of gloves melds into your body.
Your +0 ring mail melds into your body.
Your roots penetrate the ground.
Duvessa hits you with a +0 short sword.
You die...

##### ##...##
##.....##
#.....w.#
#.....e♣#
#.......# ###
##..<..## ##..
##.....## ##...
..######(......#
#....
.......$.......#
#....
..#####........#
#########....
#.#.....##
##............
#.##...##
##........#.#.#


You could see Duvessa (berserk) and a dart slug.

Vanquished Creatures
  Prince Ribbit (D:5)
  Grinder (D:3)
  Eustachio (D:4)
  2 ice beasts (D:5)
  4 ogres
  A necrophage (D:4)
  A scorpion (D:4)
  Dowan (D:5)
  A bullfrog zombie (D:5)
  2 iguanas (D:4)
  2 orc wizards
  A hound skeleton (D:5)
  4 adders
  A white imp (D:5)
  2 ufetubi (D:5)
  4 worms
  3 dart slugs
  7 orcs
  3 ball pythons
  7 endoplasms
  5 giant cockroaches
  4 goblins
  10 hobgoblins
  12 jackals
  4 quokkas (D:2)
  6 bats
  2 frilled lizards
  8 kobolds
  6 rats
106 creatures vanquished.

Vanquished Creatures (others)
  An orc wizard (D:4)
  13 foxfires (D:4)
14 creatures vanquished.

Grand Total: 120 creatures vanquished

Notes
Turn   | Place    | Note
-------+----------+-------------------------------------------
     0 | D:1      | Froggeryz the Gargoyle Cinder Acolyte began the quest for
                  | the Orb.
     0 | D:1      | Reached XP level 1. HP: 14/14 MP: 2/2
   331 | D:1      | Reached XP level 2. HP: 15/19 MP: 3/3
   388 | D:1      | Found Kor Miass's General Store.
   421 | D:1      | Reached skill level 1 in Armour
   780 | D:2      | Reached XP level 3. HP: 20/23 MP: 4/4
   826 | D:2      | Found a faded altar of an unknown god.
   827 | D:2      | Found a broken altar of Ashenzari.
   906 | D:2      | Found Vegarag's Armour Shoppe.
   916 | D:2      | Reached skill level 4 in Maces & Flails
   976 | D:2      | Bought a +0 pair of gloves for 45 gold pieces
  1469 | D:2      | Reached XP level 4. HP: 28/28 MP: 5/5
  1493 | D:2      | Found Kesaptug's Book Shoppe.
  1495 | D:2      | Found Qiadd's Weapon Boutique.
  1646 | D:2      | Found Deixkog's Distillery.
  1667 | D:2      | Bought a potion of degeneration for 14 gold pieces
  1734 | D:2      | Found Zais's Jewellery Emporium.
  2909 | D:3      | Reached XP level 5. HP: 17/32 MP: 6/6
  3151 | D:3      | Noticed Grinder
  3163 | D:3      | Killed Grinder
  3164 | D:3      | Reached skill level 5 in Maces & Flails
  3164 | D:3      | Reached XP level 6. HP: 37/37 MP: 7/7
  3347 | D:3      | Found a burning altar of Makhleb.
  3352 | D:3      | Found a glowing silver altar of Zin.
  3352 | D:3      | Noticed an Executioner
  3352 | D:3      | Noticed an angel
  3369 | D:3      | Noticed an ice beast
  3573 | D:4      | Reached skill level 6 in Maces & Flails
  3959 | D:4      | Reached skill level 1 in Throwing
  3959 | D:4      | Reached XP level 7. HP: 41/41 MP: 8/8
  4398 | D:4      | Found Lefuv's Distillery.
  4409 | D:4      | Noticed Eustachio
  4747 | D:4      | HP: 2/41 [quokka[Eustachio] (3)]
  4756 | D:4      | Killed Eustachio
  4757 | D:4      | Reached skill level 7 in Maces & Flails
  5917 | D:4      | Reached XP level 8. HP: 46/46 MP: 9/9
  6060 | D:4      | Reached skill level 8 in Maces & Flails
  6307 | D:5      | Entered Level 5 of the Dungeon
  6307 | D:5      | Noticed Duvessa
  6307 | D:5      | Noticed Dowan
  6681 | D:5      | Identified the +7 trident of Strategic Superiority {vorpal,
                  | rElec Dex-5 SInv Stlth-}
  6762 | D:5      | Noticed Prince Ribbit
  6774 | D:5      | Killed Prince Ribbit
  6918 | D:5      | Reached skill level 9 in Maces & Flails
  7228 | D:5      | Killed Dowan
  7400 | D:5      | HP: 1/46 [Duvessa (4)]
  7404 | D:5      | Slain by Duvessa

Illustrated notes

Levels and vault maps discovered:
D:1:      lemuel_arrival_broad_hall, layout_rooms, serial_shops, shop,
          minmay_tree_intersection
D:2:      minmay_razor_zed, layout_rooms, serial_shops, nicolae_shop_stone,
          nicolae_shop_window_shopping, shop, shop, nicolae_shop_waterfront,
          basic_altar, ebering_ecumenical_altar_box, hex_intersection
D:3:      layout_loops_ring, grunt_temple_overflow_order_and_chaos_2,
          bh_walls_and_bars, uniq_grinder
D:4:      minmay_chambers_of_fours, layout_loops_ring, serial_shops,
          nicolae_take_the_stairs, kennysheep_doodads, uniq_eustachio
D:5:      layout_rooms, serial_shops, shop, serial_glass, glass_columns_c,
          glass_columns_b, minmay_pentangle, uniq_prince_ribbit1, uniq_duvessa

Skill      XL: |  1  2  3  4  5  6  7  8 |
---------------+-------------------------+-----
Armour         | 1 2 3 4 |  4.0
Maces & Flails | 4 5 6 7 9 |  9.3
Throwing       | 1 2 4 |  4.1
Fighting       | |  3.2
Spellcasting   | |  1.0
Fire Magic     | |  3.0

Action                   |  1- 3 |  4- 6 |  7- 9 || total
-------------------------+-------+-------+-------++-------
Melee: Mace              |   114 |   187 |   214 ||   515
       Unarmed           |       |       |     2 ||     2
Throw: Dart              |       |     5 |    42 ||    47
       Boomerang         |       |       |     2 ||     2
Invok: Foxfire Swarm     |       |     1 |       ||     1
  Use: Scroll            |       |     3 |     6 ||     9
       Potion            |       |     1 |     9 ||    10
Armor: Robe              |    54 |    21 |       ||    75
       Leather armour    |       |    81 |    32 ||   113
       Ring mail         |       |       |    84 ||    84
Dodge: Dodged            |    70 |   115 |   139 ||   324

Table legend: (Time is in decaauts)
 A = Elapsed time spent in this place.
 B = Non-inter-level travel time spent in this place.
 C = Inter-level travel time spent in this place.
 D = Time resting spent in this place.
 E = Time spent auto-exploring this place.
 F = Levels seen in this place.
 G = Mean time per level.
                   A        B        C        D        E       F      G
               +--------+--------+--------+--------+--------+-----+--------+
         Total |   7469 |   6980 |    489 |   1571 |   3935 |   5 | 1493.8 |
       Dungeon |   7469 |   6980 |    489 |   1571 |   3935 |   5 | 1493.8 |
               +--------+--------+--------+--------+--------+-----+--------+

Top non-repeatable levels by time:
     D:3: 2304 daAuts
     D:4: 2211 daAuts
     D:2: 1312 daAuts
     D:5: 857 daAuts
     D:1: 784 daAuts
